Map: Hard Lead LE

Players

Nos - Winner!

  • Race: Terran Terran
  • Spawn Location: 11:00

Asimov

  • Race: Terran Terran
  • League: Gold
  • Spawn Location: 5:00

VOD

Have the link to the VOD?

Description

a BC proxy?

Time

  • Played on: Oct. 29, 2023, 1:11 a.m.
  • Length: 8:00
Show
View Real Time Build Order
Export as new Build Order

Nos Terran - Winner!

Build Orders: 2 Factory, Cyclone Opening 

Get SALT Encoding   

  12  0:00  SCV  
  13  0:16  Supply Depot  
  13  0:18  SCV  
  14  0:25  Refinery  
  14  0:39  Barracks  
  14  0:41  SCV  
  15  0:53  SCV  
  16  1:05  SCV  
  16  1:09  Refinery  
  17  1:17  SCV  
  18  1:29  SCV  
  18  1:30  Supply Depot  
  19  1:37  Factory  
  19  1:41  SCV  
  20  1:57  Orbital Command  
  20  2:00  Barracks Reactor  
  20  2:25  Factory  
  20  2:30  SCV  
  21  2:42  Cyclone x2, SCV  
  26  2:46  Barracks Reactor  
  26  2:54  SCV  
  27  3:06  SCV  
  27  3:12  Supply Depot  
  28  3:14  Cyclone  
  28  3:18  SCV  
  31  3:33  Cyclone x3  
  37  3:35  Supply Depot  
  37  4:02  Cyclone  
  39  4:05  Cyclone  
  41  4:14  Starport  
  40  4:27  Barracks Tech Lab  
  40  4:36  Cyclone x2  
  40  4:37  Cyclone  
  46  4:40  Cyclone  
  38  5:24  Cyclone  
  38  5:25  Cyclone x3  
  40  5:57  Cyclone x2  
  36  6:12  Cyclone x2  
  40  6:23  Viking  
  42  6:29  Cyclone  
  42  6:44  Cyclone  
  44  6:52  Viking  
  46  6:59  Cyclone x2  
  50  7:04  Engineering Bay  
  50  7:06  Command Center  
Show
View Real Time Build Order
Export as new Build Order

Asimov Terran 

Build Orders:  

Get SALT Encoding   

  12  0:00  SCV  
  13  0:12  SCV  
  14  0:21  Supply Depot  
  14  0:26  Refinery  
  14  0:32  Refinery  
  14  0:44  Barracks  
  14  0:50  SCV  
  15  1:02  SCV  
  16  1:14  SCV  
  17  1:26  SCV  
  18  1:33  Marine  
  18  1:34  Factory  
  19  1:49  Supply Depot  
  19  1:53  Barracks Tech Lab  
  19  1:57  SCV  
  20  2:09  SCV  
  21  2:24  Marine  
  21  2:25  Siege Tank  
  25  2:36  Starport  
  25  2:42  SCV  
  26  2:54  SCV  
  27  3:06  SCV  
  28  3:13  Fusion Core  
  28  3:15  Starport Tech Lab  
  28  3:18  SCV  
  29  3:31  Orbital Command, Supply Depot  
  29  3:55  Engineering Bay  
  29  4:05  Battlecruiser  
  35  4:10  Weapon Refit  
  35  4:24  Missile Turret  
  35  4:33  Supply Depot  
  35  4:59  Missile Turret  
  35  5:06  Missile Turret  
  35  5:09  Battlecruiser  
  34  5:29  Siege Tank  
  33  6:22  Supply Depot  
  29  7:00  Supply Depot  
Tags
 
Add a new tag
Caveats
  • Supply blocks, unpowered buildings, or Contaminate may cause inaccurate times.
  • Supply counts are checked every 10 seconds.